 Dungeon Crawl Stone Soup version 0.30-a0-377-g5cb311bc9f (webtiles) character file.

Game seed: 10792768009756957720

210 bande the Covered (level 5, -2/33 HPs)
             Began as a Gargoyle Fighter on Nov 27, 2022.
             Was an Initiate of Okawaru.
             Slain by an orc priest
             ... wielding a +0 club
              (3 damage)
             ... on level 3 of the Dungeon.
             The game lasted 00:05:04 (1850 turns).

bande the Covered (Gargoyle Fighter)                Turns: 1850, Time: 00:05:04

Health: -2/33      AC: 21    Str: 20    XL:     5   Next: 87%
Magic:  5/5        EV:  5    Int:  8    God:    Okawaru [......]
Gold:   124        SH:  4    Dex: 11    Spells: 4/4 levels left

rFire   . . .      SeeInvis .    a - +0 war axe
rCold   . . .      Faith    .    c - +0 buckler
rNeg    + . .      Spirit   .    g - +0 plate armour
rPois   ∞          Reflect  .    k - +2 hat
rElec   +          Harm     .    l - +2 cloak
rCorr   .          Rampage  .    (no gloves)
Will    .....                    (no boots)
Stlth   ..........               (no amulet)
HPRegen 0.25/turn                (no ring)
MPRegen 0.09/turn                (no ring)

@: no status effects
A: sickness immunity, AC +4, negative energy resistance 1, electricity
resistance, torment resistance 1, petrification resistance
a: Renounce Religion


You were on level 3 of the Dungeon.
You worshipped Okawaru.
Okawaru was noncommittal.
You visited 1 branch of the dungeon, and saw 3 of its levels.

You collected 124 gold pieces.

Inventory:

Hand Weapons
 a - a +0 war axe (weapon)
Armour
 c - a +0 buckler (worn)
 g - a +0 plate armour (worn)
 k - a +2 hat (worn)
 l - a +2 cloak (worn)
Jewellery
 b - a ring of fire
Wands
 p - a wand of paralysis (7)
Potions
 d - 2 potions of might
 e - a potion of heal wounds {unknown}
 h - a potion of curing
 j - a potion of lignification
 m - a potion of ambrosia
 n - a potion of degeneration {unknown}


   Skills:
 + Level 4.0 Fighting
 + Level 3.8 Axes
 + Level 4.3 Armour
 + Level 3.9 Shields
 * Level 0.9 Invocations


You had 4 spell levels left.
You didn't know any spells.
Your spell library was empty.

Dungeon Overview and Level Annotations

Branches:
Dungeon (3/15)

Altars:
Okawaru

Shops:
D:3 (?*[


Innate Abilities, Weirdness & Mutations

You are immune to sickness and miasma.
Your stone body is resilient. (AC +4)
You are immune to poison.
You resist negative energy. (rN+)
You are resistant to electric shocks. (rElec)
You are resistant to unholy torment.
You are immune to petrification.


Message History

The endoplasm freezes you.
You are frozen.
You block the orc priest's attack.
You feel better. The orc hits you with a +0 hand axe.
The endoplasm hits you but does no damage.
Unknown command.
The orc hits you with a +0 hand axe.
The orc priest hits you but does no damage.
The orc closely misses you.
The endoplasm hits you but does no damage.
Unknown command.
The orc hits you with a +0 flail. You block the ogre's attack.
The endoplasm completely misses you.
A worm comes into view.
You slash the ogre!
The ogre is moderately wounded.
You hit the orc. You slash the endoplasm!
You kill the endoplasm!
Okawaru accepts your kill.
You hit the orc. You block the orc's attack. The orc closely misses you.
The ogre hits you but does no damage.
You slash the orc!
You kill the orc!
Okawaru accepts your kill.
You slash the ogre! You closely miss the orc priest. You barely miss the orc.
The orc hits you with a +0 flail.
* * * LOW HITPOINT WARNING * * *
You block the orc priest's attack. The orc hits you but does no damage.
The orc priest calls upon Beogh to heal the orc.
The orc's wounds heal themselves!
Things that are here:
a +0 hand axe; an orc corpse Unknown command.
You hit the orc priest but do no damage.
You hit the ogre. You barely miss the orc. The orc hits you but does no damage.
The orc priest hits you but does no damage.
The ogre hits you with a +0 giant club.
* * * LOW HITPOINT WARNING * * *
The orc hits you but does no damage. The orc priest hits you with a +0 club.
You die...

...............#
#...........##..#
#.......#.##..#
#####..#####..#
#...#.##..#
#.....##...
#...........
##.......#..
##@o.#### #Oo.#
#......#
#........
#.#......
#.####### #w# #.#
#.#


You could see an ogre, a worm, an orc priest and an orc.

Vanquished Creatures
  A howler monkey (D:3)
  An iguana (D:3)
  Natasha (D:2)
  7 adders
  A worm (D:2)
  A dart slug (D:1)
  2 orcs (D:3)
  8 endoplasms
  A giant cockroach (D:2)
  5 hobgoblins
  A quokka (D:3)
  5 ball pythons
  6 bats
  3 frilled lizards
  3 goblins
  7 kobolds
  8 rats
61 creatures vanquished.

Notes
Turn   | Place    | Note
-------+----------+-------------------------------------------
     0 | D:1      | bande the Gargoyle Fighter began the quest for the Orb.
     0 | D:1      | Reached XP level 1. HP: 14/14 MP: 1/1
   108 | D:1      | Reached XP level 2. HP: 9/19 MP: 2/2
   645 | D:2      | Reached XP level 3. HP: 20/23 MP: 3/3
   796 | D:2      | Reached XP level 4. HP: 25/28 MP: 4/4
   928 | D:2      | Noticed Natasha
   936 | D:2      | Killed Natasha
   992 | D:2      | Reached XP level 5. HP: 33/33 MP: 5/5
  1366 | D:3      | Found Puhyumag's General Store.
  1367 | D:3      | Found Myenk's Antique Armour Shoppe.
  1429 | D:3      | Found an iron altar of Okawaru.
  1438 | D:3      | Became a worshipper of Warmaster Okawaru
  1697 | D:3      | Found Kudunt's Magic Scroll Boutique.
  1703 | D:3      | Found Joloy's Antique Weapon Shoppe.
  1842 | D:3      | Noticed an ogre
  1850 | D:3      | HP: 1/33 [ogre/+0 giant club (6)]
  1850 | D:3      | Slain by an orc priest

Illustrated notes

Levels and vault maps discovered:
D:1:      dpeg_arrival_boxorama, layout_rooms
D:2:      layout_basic, uniq_natasha
D:3:      layout_basic, mainiacjoe_overflow_surrounded_room, serial_shops,
          nicolae_shop_stone, nicolae_shop_waterfront, shop, shop,
          minmay_misc_feat_pillars, hangedman_decor_growths

Skill      XL: |  1  2  3  4  5 |
---------------+----------------+-----
Axes           | 2 3 |  3.8
Armour         | 4 |  4.3
Fighting       | 4 |  4.0
Shields        | |  3.9
Invocations    | |  0.9

Action                   |  1- 3 |  4- 6 || total
-------------------------+-------+-------++-------
Melee: War axe           |    80 |    92 ||   172
  Use: Scroll            |       |     6 ||     6
       Potion            |       |     1 ||     1
Armor: Scale mail        |    12 |       ||    12
       Plate armour      |    56 |    76 ||   132
Dodge: Dodged            |    32 |    22 ||    54
Block: Buckler           |    15 |    20 ||    35

Table legend: (Time is in decaauts)
 A = Elapsed time spent in this place.
 B = Non-inter-level travel time spent in this place.
 C = Inter-level travel time spent in this place.
 D = Time resting spent in this place.
 E = Time spent auto-exploring this place.
 F = Levels seen in this place.
 G = Mean time per level.
                   A        B        C        D        E       F      G
               +--------+--------+--------+--------+--------+-----+--------+
         Total |   1916 |   1916 |      0 |    110 |   1290 |   3 |  638.7 |
       Dungeon |   1916 |   1916 |      0 |    110 |   1290 |   3 |  638.7 |
               +--------+--------+--------+--------+--------+-----+--------+

Top non-repeatable levels by time:
     D:2: 774 daAuts
     D:1: 642 daAuts
     D:3: 499 daAuts
